 Dungeon Crawl Stone Soup version 0.27.1-1-g398f81649c (webtiles) character file.

Game seed: 4176135283070957414

107 Elvor the Sneak (level 4, 0/29 HPs)
             Began as a Gargoyle Delver on Sept 15, 2021.
             Slain by a gnoll (8 damage)
             ... on level 4 of the Dungeon.
             The game lasted 00:05:24 (832 turns).

Elvor the Sneak (Gargoyle Delver)                    Turns: 832, Time: 00:05:24

Health: 0/29       AC:  8    Str: 16    XL:     4   Next: 85%
Magic:  4/4        EV: 11    Int: 11    God:
Gold:   14         SH:  0    Dex: 11    Spells: 3/3 levels left

rFire    . . .     SeeInvis .   a - +0 mace
rCold    . . .     Faith    .   (no shield)
rNeg     + . .     Spirit   .   q - +0 ring mail
rPois    ∞         Reflect  .   (no helmet)
rElec    +         Harm     .   (no cloak)
rCorr    .         Rampage  .   (no gloves)
Will     .....                  (no boots)
Stlth    +++.......             (no amulet)
HPRegen  0.09/turn              (no ring)
MPRegen  0.09/turn              (no ring)

@: no status effects
A: sickness immunity, AC +3, negative energy resistance 1, electricity
resistance, torment resistance 1, petrification resistance
a: no special abilities


You were on level 4 of the Dungeon.
You visited 1 branch of the dungeon, and saw 2 of its levels.

You collected 14 gold pieces.

Inventory:

Hand Weapons
 a - a +0 mace (weapon)
Missiles
 h - 28 bolts
 j - 29 stones (quivered)
 o - 19 sling bullets
 r - a throwing net
Armour
 b - a +0 leather armour
 q - a +0 ring mail (worn)
Wands
 g - a wand of digging (3)
Scrolls
 c - a scroll of fog
 d - a scroll of magic mapping
 e - a scroll of fear
 i - a scroll of amnesia {unknown}
 k - 2 scrolls of identify {unknown}
 m - a scroll of teleportation {unknown}
Potions
 f - a potion of haste
 l - a potion of mutation {unknown}
 n - 2 potions of invisibility {unknown}
 p - a potion of might


   Skills:
 + Level 3.7 Fighting
 + Level 2.5 Maces & Flails
 + Level 1.1 Armour
 + Level 1.8 Dodging
 + Level 6.8 Stealth


You had 3 spell levels left.
You didn't know any spells.
Your spell library was empty.

Dungeon Overview and Level Annotations

Branches:
Dungeon (5/15)
 Temple: D:4-7

Altars:
Kikubaaqudgha


Innate Abilities, Weirdness & Mutations

You are immune to sickness and miasma.
Your stone body is resilient. (AC +3)
You are immune to poison.
You resist negative energy. (rN+)
You are resistant to electric shocks. (rElec)
You are resistant to unholy torment.
You are immune to petrification.


Message History

a +0 ring mail; a hobgoblin corpse
q - a +0 ring mail You start removing your armour.
You continue taking off your +0 leather armour. x4
You finish taking off your +0 leather armour.
You start putting on your armour.
You continue putting on your +0 ring mail. x5
You finish putting on your +0 ring mail.
A gnoll comes into view. It is wielding a +0 club.
The gnoll shouts!
You hear a shout! x2
A gnoll comes into view. It is wielding a +0 halberd.
The gnoll throws a throwing net.
The throwing net barely misses you.
You see here a throwing net.
r - a throwing net The gnoll throws a throwing net.
The throwing net barely misses you.
You see here a throwing net.
There is a stone staircase leading up here.
The gnoll barely misses you.
There is a stone staircase leading up here.
You hit the gnoll.
The gnoll is lightly wounded.
Your ring mail prevents you from hitting the gnoll.
The gnoll hits you from afar with a +0 halberd!
A gnoll comes into view. It is wielding a +0 spear.
The gnoll hits you but does no damage.
The gnoll hits you from afar with a +0 halberd.
You hit the gnoll but do no damage. The gnoll hits you with a +0 club.
The gnoll closely misses you.
You completely miss the gnoll. The gnoll barely misses you. x2
You hit the gnoll.
The gnoll is moderately wounded.
The gnoll barely misses you.
The gnoll hits you from afar with a +0 halberd.
* * * LOW HITPOINT WARNING * * *
The gnoll hits you but does no damage.
The gnoll shouts!
You hear a shout!
The gnoll hits you but does no damage.
A gnoll comes into view. It is wielding a +0 spear.
The gnoll hits you from afar with a +0 spear!
You die...

.############........#.# #.#
......##...##.#####..#.# #.#
...........##.#...#..#.# #.#
...........##.#.#g#..#.# #.#
..........###.#g#.#..#.# #.#
..........###.#g#.#..#.# #.#
..............#.#.g..#.# #.#
..............#.#.#..#.# #.#
..(...........#.@....#.# #.#
..............###.##.#.# #.#
......).......# #.##.#.# #.#
.†....).......###.##.#.# #.#
..............#....#.#.####.#
##########..g)####.#.#......#
#........<....######
#...#######.#.#
##..)..)....#.#


You could see 4 gnolls.

Vanquished Creatures
  A bullfrog skeleton (D:5)
  2 centaur skeletons (D:4)
  An adder (D:4)
  4 orcs (D:4)
  2 giant cockroaches (D:4)
  A hobgoblin (D:4)
  A goblin (D:4)
12 creatures vanquished.

Notes
Turn   | Place    | Note
-------+----------+-------------------------------------------
     0 | D:5      | Elvor the Gargoyle Delver began the quest for the Orb.
     0 | D:5      | Reached XP level 1. HP: 14/14 MP: 1/1
     9 | D:5      | Found an ancient bone altar of Kikubaaqudgha.
    33 | D:5      | Reached skill level 6 in Stealth
    33 | D:5      | Reached XP level 2. HP: 7/19 MP: 2/2
    33 | D:5      | Reached XP level 3. HP: 8/23 MP: 3/3
   432 | D:4      | Reached XP level 4. HP: 18/28 MP: 4/4
   469 | D:4      | Reached skill level 1 in Armour
   832 | D:4      | Slain by a gnoll

Illustrated notes

Levels and vault maps discovered:
D:4:      layout_basic, makhleb_altar_promises_db,
          gammafunk_temple_overflow_elements, roderic_nine_men_s_morris,
          hangedman_decor_points, minmay_box_of_dots
D:5:      layout_basic, mainiacjoe_overflow_tiny_flanked

Skill      XL: |  1  2  3  4 |
---------------+-------------+-----
Stealth        | 6 |  6.8
Armour         | 1 |  1.1
Fighting       | |  3.7
Maces & Flails | |  2.5
Dodging        | |  1.8

Action                   |  1- 3 |  4- 6 || total
-------------------------+-------+-------++-------
Melee: Mace              |    31 |    28 ||    59
Throw: Stone             |     1 |     3 ||     4
 Stab: Sleeping          |     1 |     1 ||     2
       Distracted        |       |     1 ||     1
Armor: Leather armour    |    16 |    10 ||    26
       Ring mail         |       |     3 ||     3
Dodge: Dodged            |    25 |    25 ||    50
